 Dungeon Crawl Stone Soup version 0.29.0-10-g45618ea6d2 (webtiles) character file.

Game seed: 16780568952750142407

7047 Flugkiller the Cleaver (level 10, 0/91 HPs)
             Began as a Minotaur Fighter on Sept 1, 2022.
             Was an Initiate of Gozag.
             Slain by a komodo dragon (14 damage)
             ... on level 11 of the Dungeon.
             The game lasted 00:05:17 (11032 turns).

Flugkiller the Cleaver (Minotaur Fighter)          Turns: 11032, Time: 00:05:18

Health: 0/91       AC: 34    Str: 22    XL:     10   Next: 83%
Magic:  9/9        EV:  3    Int:  5    God:    Gozag
Gold:   770        SH: 12    Dex: 13    Spells: 9/9 levels left

rFire   + . .      SeeInvis .   a - +0 war axe
rCold   + . .      Faith    .   B - +2 kite shield
rNeg    . . .      Spirit   .   E - +1 gold dragon scales
rPois   +          Reflect  .   (helmet restricted)
rElec   .          Harm     .   n - +2 cloak
rCorr   .          Rampage  .   g - +0 pair of gloves
Will    .....                   h - +2 pair of boots
Stlth   ..........              (no amulet)
HPRegen 0.25/turn               p - +4 ring of protection
MPRegen 0.11/turn               G - +4 ring of protection

@: no status effects
A: horns 2, retaliatory headbutt
a: Renounce Religion, Potion Petition, Call Merchant, Bribe Branch


You were on level 11 of the Dungeon.
You worshipped Gozag.
Gozag was pleased with you.
You visited 1 branch of the dungeon, and saw 11 of its levels.

You collected 1969 gold pieces.
You spent 1131 gold pieces at shops.
You paid 68 gold pieces to Gozag.

Inventory:

Hand Weapons
 a - a +0 war axe (weapon)
Missiles
 e - 3 boomerangs
 k - a boomerang of dispersal
 v - 4 throwing nets (quivered)
Armour
 g - a +0 pair of gloves (worn)
   (You found it on level 4 of the Dungeon)
 h - a +2 pair of boots (worn)
   (You found it on level 1 of the Dungeon)
 n - a +2 cloak (worn)
   (You found it on level 4 of the Dungeon)
 B - a +2 kite shield (worn)
   (You found it on level 5 of the Dungeon)
 E - +1 gold dragon scales (worn)
   (You bought it in a shop on level 10 of the Dungeon)
Jewellery
 c - a ring of protection from cold
   (You found it on level 3 of the Dungeon)
 p - a +4 ring of protection (left hand)
   (You took it off a hobgoblin on level 2 of the Dungeon)
 G - a +4 ring of protection (right hand)
   (You found it on level 7 of the Dungeon)
Wands
 b - a wand of charming (9)
   (You found it on level 9 of the Dungeon)
 s - a wand of mindburst (23)
   (You found it on level 3 of the Dungeon)
 C - a wand of quicksilver (10)
   (You found it on level 8 of the Dungeon)
Scrolls
 l - a scroll of magic mapping
 r - 2 scrolls of identify
 t - 3 scrolls of teleportation
 y - a scroll of enchant weapon
 z - 2 scrolls of blinking
 A - a scroll of brand weapon
 D - a scroll of immolation
 F - 3 scrolls of fear
Potions
 d - 4 potions of might
 f - a potion of magic {unknown}
 i - a potion of flight
 j - 2 potions of ambrosia {unknown}
 m - 2 potions of attraction
 o - 4 potions of lignification
 q - 4 potions of curing
 u - a potion of cancellation {unknown}
 w - a potion of heal wounds
 x - a potion of degeneration {unknown}
 J - 2 potions of mutation {unknown}


   Skills:
 + Level 9.3 Fighting
 * Level 12.3 Axes
 + Level 9.2 Armour
 + Level 7.6 Shields
 - Level 6.0 Evocations


You had 9 spell levels left.
You didn't know any spells.
Your spell library was empty.

Dungeon Overview and Level Annotations

Branches:
Dungeon (11/15)            Temple (0/1) D:4            Lair (0/5) D:9
    Orc (0/2) D:10

Altars:
Ashenzari
Cheibriados
Dithmenos
Elyvilon
Fedhas
Gozag
Kikubaaqudgha
Makhleb
Qazlal
Ru
Sif Muna
Trog
Zin
The Shining One

Shops:
D:8 *   D:10 [


Innate Abilities, Weirdness & Mutations

You have a pair of horns on your head.
You reflexively headbutt those who attack you in melee.


Message History

The wraith hits you but does no damage.
You hit the wraith but do no damage. The wraith hits you but does no damage.
You slash the wraith!
The wraith is moderately damaged.
The wraith hits you. The wraith drains your vigour!
You feel yourself slow down.
You hit the wraith but do no damage.
The wraith is moderately damaged.
You block the wraith's attack.
You slash the wraith! You headbutt the wraith.
The wraith is heavily damaged.
You block the wraith's attack. The wraith hits you but does no damage.
You hit the wraith. Your headbutt misses the wraith.
The wraith is severely damaged.
You block the wraith's attack.
You hit the wraith but do no damage.
The wraith is severely damaged.
The wraith completely misses you. You furiously retaliate!
You headbutt the wraith, but do no damage.
The wraith barely misses you.
You slash the wraith! You headbutt the wraith.
You destroy the wraith!
You feel yourself speed up.
Training target 6.0 for Evocations reached!
Your Evocations skill increases to level 6!
Found a sling.
You now have 758 gold pieces (gained 6).
w - a potion of heal wounds; E - +1 gold dragon scales (worn)
No target in view!
Found a pair of gloves.
b - a wand of charming (9) (gained 5 charges)
F - 3 scrolls of fear (gained 1)
You now have 770 gold pieces (gained 12).
You see here 4 stones.
Done exploring.
Done exploring.
Done exploring.
Done exploring.
No target in view!
Search for what [Enter for "."]? axe You see here a +0 ring mail.
Okay, then.
Done exploring.
Done exploring.
(D) Dungeon (T) Temple (L) Lair (O) Orcish Mines
Where to? (Enter - D:10 @ (x,y), ? - help)
You see here a +0 ring mail.
There is a stone staircase leading down here.
You climb downwards.
There is a stone staircase leading up here.
Unknown command.
You open the door.
There is an open door here.
A komodo dragon comes into view.
A komodo dragon is nearby!
A komodo dragon is nearby!
Found a ring mail.
The komodo dragon bites you!
You hit the komodo dragon but do no damage.
Your headbutt misses the komodo dragon.
The komodo dragon bites you but does no damage.
You slash the komodo dragon! You headbutt the komodo dragon!
The komodo dragon is heavily wounded.
You block the komodo dragon's attack.
You hit the komodo dragon but do no damage.
Your headbutt misses the komodo dragon.
The komodo dragon is heavily wounded.
The komodo dragon bites you!!
You slash the komodo dragon!
The komodo dragon is severely wounded.
The komodo dragon barely misses you.
You hit the komodo dragon. You headbutt the komodo dragon.
The komodo dragon is almost dead.
The komodo dragon bites you but does no damage.
You hit the komodo dragon but do no damage.
The komodo dragon is almost dead.
The komodo dragon bites you.
You hit the komodo dragon but do no damage.
Your headbutt misses the komodo dragon.
The komodo dragon is severely wounded.
The komodo dragon bites you.
You hit the komodo dragon but do no damage.
The komodo dragon is severely wounded.
The komodo dragon bites you!!
You are too injured to fight recklessly!
You are too injured to fight recklessly!
You are too injured to fight recklessly!
You are too injured to fight recklessly!
You hit the komodo dragon but do no damage.
The komodo dragon is severely wounded.
You block the komodo dragon's attack. The komodo dragon bites you!!
* * * LOW HITPOINT WARNING * * *
You hit the komodo dragon but do no damage.
You headbutt the komodo dragon.
The komodo dragon is almost dead.
The komodo dragon bites you but does no damage.
You hit the komodo dragon.
The komodo dragon is almost dead.
The komodo dragon bites you!
You die...
Your body crumbles into a pile of gold.

#......######
#.............
#............. .
#.............
..####+#####............
...........#............
...........'............
#.......#............
#..l@...#........<...
...........#.....#######
...........#######
............#
............#
............#
[.###...##+## .. #...#


You could see a komodo dragon.

Vanquished Creatures
  2 kobold demonologists (D:10)
  2 trolls (D:10)
  The ghost of diceflayer the Chopper, an amateur DsFi (D:4)
  A hornet (D:9)
  Prince Ribbit (D:6)
  Grinder (D:4)
  A wraith (D:10)
  A wyvern (D:8)
  6 yaks (D:9)
  A steam dragon (D:5)
  An acid dragon (D:9)
  A water moccasin (D:9)
  6 orc warriors
  3 black bears
  2 ice beasts
  A sky beast (D:7)
  4 ogres
  6 centaurs
  4 kobold brigands
  3 bullfrogs
  7 scorpions
  An electric eel (D:8)
  A howler monkey (D:7)
  A gnoll bouda (D:7)
  4 orc priests
  7 hounds
  2 iguanas
  Jessica (D:2)
  4 orc wizards
  Robin (D:3)
  11 gnolls
  9 adders
  2 shadow imps (D:7)
  A white imp (D:3)
  2 ufetubi
  2 dart slugs
  30 orcs
  4 ball pythons
  7 endoplasms
  2 giant cockroaches
  18 goblins
  17 hobgoblins
  3 jackals (D:3)
  5 quokkas
  2 bats
  6 frilled lizards
  19 kobolds
  3 rats
220 creatures vanquished.

Vanquished Creatures (others)
  An orc wizard (D:6)
  24 fungi
  6 plants (D:9)
31 creatures vanquished.

Grand Total: 251 creatures vanquished

Notes
Turn   | Place    | Note
-------+----------+-------------------------------------------
     0 | D:1      | Flugkiller the Minotaur Fighter began the quest for the
                  | Orb.
     0 | D:1      | Reached XP level 1. HP: 19/19 MP: 0/0
    79 | D:1      | Reached skill level 3 in Axes
    79 | D:1      | Reached XP level 2. HP: 27/27 MP: 1/1
   358 | D:1      | Reached XP level 3. HP: 23/33 MP: 2/2
   794 | D:2      | Found a faded altar of an unknown god.
   971 | D:2      | Reached skill level 4 in Axes
  1173 | D:2      | Reached XP level 4. HP: 40/40 MP: 3/3
  1248 | D:2      | Noticed Jessica
  1251 | D:2      | Killed Jessica
  1934 | D:3      | Reached XP level 5. HP: 47/47 MP: 4/4
  1943 | D:3      | Noticed Robin
  1953 | D:3      | Killed Robin
  1954 | D:3      | Reached skill level 5 in Axes
  2100 | D:3      | Found a shadowy altar of Dithmenos.
  2182 | D:3      | Found a glowing golden altar of the Shining One.
  2183 | D:3      | Found an ancient bone altar of Kikubaaqudgha.
  2188 | D:3      | Found an opulent altar of Gozag.
  2189 | D:3      | Found a burning altar of Makhleb.
  2189 | D:3      | Found a stormy altar of Qazlal.
  2190 | D:3      | Found a snail-covered altar of Cheibriados.
  2201 | D:3      | Became a worshipper of Gozag Ym Sagoz the Greedy
  2283 | D:4      | Noticed an ogre
  2287 | D:4      | Killed an ogre
  2288 | D:4      | Reached skill level 5 in Fighting
  2288 | D:4      | Reached skill level 5 in Armour
  2288 | D:4      | Reached skill level 1 in Evocations
  2288 | D:4      | Reached XP level 6. HP: 26/56 MP: 5/5
  2523 | D:4      | Found a white marble altar of Elyvilon.
  2523 | D:4      | Found a sacrificial altar of Ru.
  2558 | D:4      | Reached skill level 6 in Axes
  2664 | D:4      | Noticed Grinder
  2673 | D:4      | Killed Grinder
  2674 | D:4      | Reached XP level 7. HP: 41/61 MP: 6/6
  2978 | D:4      | Found a staircase to the Ecumenical Temple.
  3281 | D:4      | Found a runed translucent gate.
  3283 | D:4      | Found a runed translucent gate.
  3285 | D:4      | Found a runed translucent gate.
  3286 | D:4      | Noticed diceflayer's ghost (amateur DsFi)
  3410 | D:5      | Entered Level 5 of the Dungeon
  3571 | D:5      | Reached skill level 7 in Axes
  3627 | D:5      | Noticed a steam dragon
  3633 | D:5      | Killed a steam dragon
  3845 | D:5      | Reached XP level 8. HP: 58/70 MP: 7/7
  4031 | D:5      | Reached skill level 8 in Axes
  4104 | D:5      | Found a glowing silver altar of Zin.
  4770 | D:6      | Noticed Prince Ribbit
  4777 | D:6      | Killed Prince Ribbit
  4984 | D:6      | Reached skill level 9 in Axes
  5414 | D:6      | Reached XP level 9. HP: 32/79 MP: 8/8
  5417 | D:6      | Reached skill level 5 in Shields
  6130 | D:7      | Found a blossoming altar of Fedhas.
  6689 | D:8      | Found a shimmering blue altar of Sif Muna.
  6730 | D:8      | Reached skill level 10 in Axes
  7335 | D:8      | Found Hiogedos's Assorted Antiques.
  8406 | D:4      | Killed diceflayer's ghost
  8733 | D:9      | Reached skill level 5 in Evocations
  8764 | D:9      | Reached XP level 10. HP: 71/90 MP: 9/9
  8768 | D:9      | Reached skill level 11 in Axes
  9069 | D:9      | Found a broken altar of Ashenzari.
  9078 | D:9      | Found a bloodstained altar of Trog.
  9632 | D:9      | Found a staircase to the Lair.
  9858 | D:10     | Entered Level 10 of the Dungeon
  9886 | D:10     | Found a staircase to the Orcish Mines.
 10390 | D:10     | Noticed a rust devil
 10398 | D:10     | Noticed a rust devil
 10534 | D:10     | Reached skill level 12 in Axes
 10639 | D:10     | Found Jupotzai's Armour Shop.
 10647 | D:10     | Bought +1 gold dragon scales for 1131 gold pieces
 11032 | D:11     | Slain by a komodo dragon

Illustrated notes

Levels and vault maps discovered:
D:1:      giann_bridges, layout_rooms
D:2:      layout_basic, shapermc_ecumenical_altar_mp_highgroup, uniq_jessica
D:3:      kennysheep_goblin_castle, layout_rooms, minitemple,
          grunt_dithmenos_smoke_and_mirrors
D:4:      layout_loops_cross, nicolae_overflow_two_pavilions,
          minmay_temple_entry_fiery, biasface_ghost_orc_armoury,
          minmay_goblin_kobold_house, uniq_grinder
D:5:      layout_basic, nicolae_overflow_hidden_temple,
          minmay_fractal_squares_diagonal_5
D:6:      layout_basic, serial_aquarium, aquarium_bridge_long_separate
          [aquarium_subvault_wall, aquarium_subvault_bridge,
          aquarium_subvault_wall, aquarium_subvault_bridge,
          aquarium_subvault_window, aquarium_subvault_bridge],
          aquarium_window_corner, aquarium_window_corridor_1, aquarium_window_1,
          aquarium_view_2a, aquarium_view_2b, aquarium_balcony_double_2,
          uniq_prince_ribbit1
D:7:      layout_cave_pools, fedhas_altar_4, serial_park, serial_park_square1
          [serial_park_minivault_5x5_1], serial_park_square1
          [serial_park_minivault_5x5_6], serial_park_avenue1
D:8:      layout_basic, led_sif_pool, serial_shops, shop, nrook_pool_corridor
D:9:      layout_roguey, mainiacjoe_overflow_big_doors,
          grunt_lair_entry_orc_guard_hut
D:10:     layout_big_octagon, orc_david_3, reono_crystal_passage
D:11:     lemuel_ice_statue, layout_gridville, chequers_serial_rivers_small_3

Skill      XL: |  1  2  3  4  5  6  7  8  9 10 |
---------------+-------------------------------+-----
Axes           | 3 4 5 6 7 9 10 12 | 12.3
Fighting       | 4 5 6 7 8 9 |  9.3
Armour         | 4 5 6 7 8 9 |  9.2
Evocations     | 1 2 4 5 6 |  6.0
Shields        | 4 6 7 |  7.6

Action                   |  1- 3 |  4- 6 |  7- 9 | 10-12 || total
-------------------------+-------+-------+-------+-------++-------
Melee: War axe           |    66 |    88 |   284 |   189 ||   627
       Headbutt          |     8 |    21 |    64 |    39 ||   132
  Use: Scroll            |       |       |    14 |     1 ||    15
       Potion            |       |       |     6 |     1 ||     7
 Stab: Distracted        |       |       |       |     2 ||     2
Armor: Scale mail        |    38 |    83 |   133 |       ||   254
       Plate armour      |       |       |    10 |    95 ||   105
       Gold dragon scale |       |       |       |    23 ||    23
Dodge: Dodged            |    27 |    46 |   112 |    34 ||   219
Block: Buckler           |    15 |    38 |    13 |       ||    66
       Kite shield       |       |       |   130 |   129 ||   259
